 Dungeon Crawl Stone Soup version 0.25.1-2-g60ff931df9 (webtiles) character file.

Game seed: 4144881387253191963

401 Peloso the Shield-Bearer (level 6, -2/56 HPs)
             Began as a Minotaur Fighter on Aug 19, 2020.
             Splashed by a jelly's acid (10 damage)
             ... on level 4 of the Dungeon.
             The game lasted 00:05:45 (2725 turns).

Peloso the Shield-Bearer (Minotaur Fighter)         Turns: 2725, Time: 00:05:46

Health: -2/56      AC: -3    Str: 27    XL:     6   Next: 54%
Magic:  5/5        EV:  5    Int:  5    God:
Gold:   118        SH: 11    Dex: 11    Spells: 5/5 levels left

rFire    . . .     SeeInvis .   b - +0 dagger of Xolum {vorpal, +Blink} (curse)
rCold    . . .     Gourm    .   c - +0 kite shield
rNeg     . . .     Faith    .   h - +0 plate armour
rPois    .         Spirit   .   (helmet restricted)
rElec    .         Reflect  .   (no cloak)
rCorr    .         Harm     .   (no gloves)
MR       .....                  (no boots)
Stlth    ..........             (no amulet)
HPRegen  0.18/turn              g - +6 ring of strength
MPRegen  0.09/turn              (no ring)

@: corroded
A: retaliatory headbutt, horns 2
a: Evoke Blink


You were on level 4 of the Dungeon.
You were not hungry.

You visited 1 branch of the dungeon, and saw 4 of its levels.

You collected 118 gold pieces.

Inventory:

Hand Weapons
 a - a +0 long sword
 b - the cursed +0 dagger of Xolum (weapon) {vorpal, +Blink}
   (You found it on level 4 of the Dungeon)

   It inflicts extra damage upon your enemies.
   It lets you blink.
   It has a curse placed upon it.
Armour
 c - a +0 kite shield (worn)
 e - a +0 chain mail
 h - a +0 plate armour (worn)
Jewellery
 g - a +6 ring of strength (left hand)
Scrolls
 j - a scroll of amnesia
 k - a scroll of remove curse
 l - a scroll of magic mapping {unknown}
 n - a scroll of identify
 p - a scroll of fog {unknown}
 q - 2 scrolls of enchant weapon {unknown}
Potions
 d - a potion of might
 m - 2 potions of curing
 o - 2 potions of haste {unknown}
Comestibles
 f - 6 rations


   Skills:
 + Level 5.0 Fighting
 + Level 5.1 Long Blades
 + Level 4.8 Armour
 + Level 0.8 Dodging
 + Level 0.1 Stealth
 + Level 5.8 Shields


You had 5 spell levels left.
You didn't know any spells.
Your spell library was empty.

Dungeon Overview and Level Annotations

Branches:
Dungeon (4/15)
 Temple: D:4-7

Altars:
Beogh

Annotations:
D:4 3 runed translucent doors, Kaiern's ghost, amateur NaVM


Innate Abilities, Weirdness & Mutations

You reflexively headbutt those who attack you in melee.
You have a pair of horns on your head.


Message History

You hit the jelly but do no damage.
Your hands burn!
* * * LOW HITPOINT WARNING * * *
The jelly is severely wounded.
You block the jelly's attack.
Unknown command.
You hit the jelly but do no damage.
Your hands burn!
* * * LOW HITPOINT WARNING * * *
You headbutt the jelly, but do no damage.
The jelly is severely wounded.
You block the jelly's attack.
All of the chunks of flesh in your inventory have rotted away.
Unknown command.
You hit the jelly but do no damage.
Your hands burn!
* * * LOW HITPOINT WARNING * * *
You headbutt the jelly.
The jelly is almost dead.
The jelly hits you.
* * * LOW HITPOINT WARNING * * *
You are splashed with acid!
You die...

##...).##
#.......##
#.......#
##.....##
#.....).#
##...##
#..[....#
##'##
#.......#
#.#
#....####
#.#
#....'..##
##.####
########(#
##...#8####
##.JJ@((##
#....>.#o..
#'#######
###...#.#oo#
#.P...P.P.
#.##.##.#oo#
#..JP.P.P.
#.......#Wo#
#.J.P.J.PJ
####.##.#.#.
#.P÷..P.PJ
#....+.#.
#..JP.÷.P.
#.#..+.#o
#.P.P..÷.% #
##.+.#.
##########
#. #.#.#.


You could see a jelly and an ooze.

Vanquished Creatures
  An orc warrior (D:1)
  A scorpion (D:4)
  2 orc wizards (D:2)
  A gnoll (D:2)
  6 adders
  4 oozes
  4 worms
  A dart slug (D:2)
  2 leopard geckos (D:2)
  11 orcs
  5 giant cockroaches (D:1)
  9 goblins
  8 hobgoblins
  9 jackals
  15 kobolds
  3 quokkas
  A ball python (D:2)
  4 bats
  5 frilled lizards
  12 rats
104 creatures vanquished.

Vanquished Creatures (others)
  A fungus (D:4)
  A toadstool (D:4)
2 creatures vanquished.

Grand Total: 106 creatures vanquished

Notes
Turn   | Place    | Note
-------+----------+-------------------------------------------
     0 | D:1      | Peloso the Minotaur Fighter began the quest for the Orb.
     0 | D:1      | Reached XP level 1. HP: 19/19 MP: 0/0
   130 | D:1      | Reached XP level 2. HP: 27/27 MP: 1/1
   423 | D:1      | Reached XP level 3. HP: 32/33 MP: 2/2
   861 | D:2      | Reached XP level 4. HP: 12/40 MP: 3/3
   870 | D:2      | HP: 1/40 [orc/+0 flail (4)]
  1154 | D:2      | Noticed an orc warrior
  1186 | D:1      | Killed an orc warrior
  1186 | D:1      | Reached skill level 5 in Shields
  1186 | D:1      | Reached XP level 5. HP: 25/47 MP: 4/4
  1749 | D:2      | Reached XP level 6. HP: 49/53 MP: 5/5
  2545 | D:4      | Found a runed translucent gate.
  2545 | D:4      | Noticed Kaiern's ghost (amateur NaVM)
  2546 | D:4      | Found a runed translucent gate.
  2546 | D:4      | Identified the +7 dagger "Tuwno" {pain, rN+}
  2546 | D:4      | Identified the cursed +1 leather armour "Ehyocu" {rN+++
                  | Str-3 Int-5 Dex+5}
  2547 | D:4      | Found a roughly hewn altar of Beogh.
  2547 | D:4      | Found a runed translucent gate.
  2569 | D:4      | Reached skill level 5 in Long Blades
  2684 | D:4      | Got a dazzling dagger
  2685 | D:4      | Identified the cursed +0 dagger of Xolum {vorpal, +Blink}
                  | (You found it on level 4 of the Dungeon)
  2713 | D:4      | Reached skill level 5 in Fighting
  2725 | D:4      | Splashed by a jelly's acid

Illustrated notes

Levels and vault maps discovered:
D:1:      lemuel_arrival_river_ford, layout_basic, minmay_worlds_worst_comb
D:2:      layout_rooms, minivault_11, cheibrodos_gnoll_hut
D:3:      layout_loops_ring, first_ration, moated_statue, kennysheep_boxes
D:4:      cheibrodos_fertilizer, layout_loops_corners,
          biasface_ghost_orc_armoury

Skill      XL: |  1  2  3  4  5  6 |
---------------+-------------------+-----
Shields        | 4 5 |  5.8
Armour         | 4 |  4.8
Fighting       | 4 5 |  5.0
Long Blades    | 3 4 5 |  5.1
Dodging        | |  0.8
Stealth        | |  0.1

Action                   |  1- 3 |  4- 6 || total
-------------------------+-------+-------++-------
Melee: Long sword        |    72 |   153 ||   225
       Headbutt          |    16 |    29 ||    45
       Dagger            |       |    18 ||    18
  Use: Potion            |     1 |     1 ||     2
       Scroll            |     3 |       ||     3
  Eat: Chunk             |       |     6 ||     6
Armor: Chain mail        |    55 |    27 ||    82
       Plate armour      |       |    67 ||    67
Dodge: Dodged            |    24 |    38 ||    62
Block: Kite shield       |    64 |   125 ||   189
       Rpst.: Long sword |     7 |    12 ||    19
